Map: Ruins of Seras

Players

최종병기 - Winner!

  • Race: Zerg Zerg
  • League: Gold

Bagain

  • Race: Protoss Protoss
  • League: Gold

VOD

Have the link to the VOD?

Description

Time

  • Played on: Feb. 4, 2016, 8:42 a.m.
  • Length: 13:20
Show
View Real Time Build Order
Export as new Build Order

최종병기 Zerg - Winner!

Build Orders: Hatch First 

Get SALT Encoding   

  12  0:00  Drone  
  13  0:09  Drone  
  14  0:17  Overlord  
  14  0:25  Extractor, Drone  
  15  0:35  Drone x2  
  18  0:50  Drone  
  18  1:00  Hatchery  
  17  1:11  Spawning Pool  
  17  1:17  Extractor, Drone  
  16  1:19  Drone  
  16  1:23  Drone  
  18  1:34  Drone  
  19  1:52  Overlord  
  19  1:58  Queen  
  19  2:01  Zergling x2  
  22  2:12  Queen  
  22  2:13  Zergling x2  
  22  2:14  Zergling x4  
  27  2:18  Metabolic Boost  
  27  2:25  Zergling x2  
  27  2:26  Zergling x2  
  29  2:38  Extractor  
  29  2:40  Drone  
  29  2:47  Overlord  
  29  2:54  Drone  
  29  2:57  Lair  
  30  3:05  Overlord  
  30  3:07  Zergling x4  
  30  3:10  Drone  
  33  3:14  Drone  
  33  3:15  Drone x2  
  36  3:25  Drone x3  
  39  3:36  Drone x2  
  39  3:39  Drone  
  41  4:00  Zergling x2  
  41  4:01  Zergling x6  
  43  4:04  Extractor  
  43  4:05  Extractor  
  41  4:25  Hatchery  
  39  4:35  Zergling x2  
  39  4:36  Zergling x8  
  43  4:56  Spire, Drone x2  
  43  4:57  Drone x2  
  39  5:25  Zergling x8  
  39  5:26  Overlord x2  
  43  5:31  Hatchery  
  43  5:33  Evolution Chamber  
  43  5:34  Drone x2  
  43  5:35  Evolution Chamber  
  42  5:38  Overseer  
  42  5:40  Overseer  
  42  5:41  Drone  
  42  5:42  Drone  
  44  5:49  Drone x2  
  46  5:50  Queen  
  48  6:06  Drone x3  
  48  6:07  Drone x2  
  48  6:10  Drone x4  
  57  6:24  Mutalisk x3  
  63  6:37  Drone  
  63  6:45  Roach Warren  
  62  6:49  Hydralisk Den  
  62  6:50  Drone  
  62  6:55  Drone x2  
  64  7:04  Drone  
  64  7:06  Zerg Missile Weapons Level 1, Zerg Ground Armor Level 1  
  65  7:26  Hydralisk x4  
  65  7:28  Overlord x4  
  71  7:35  Spore Crawler x2  
  69  7:40  Hydralisk x2, Spore Crawler  
  69  7:41  Overlord x3  
  72  7:48  Hydralisk x2  
  76  7:55  Hydralisk x2  
  80  8:02  Hydralisk x3  
  86  8:08  Muscular Augments  
  86  8:15  Hydralisk x2  
  90  8:21  Hydralisk x2  
  93  8:35  Drone x3  
  93  8:36  Drone x3  
  99  8:44  Hydralisk x4  
  107  8:58  Hydralisk x5  
  117  9:06  Hydralisk x2  
  121  9:11  Drone x2  
  121  9:13  Extractor  
  121  9:14  Drone x2  
  121  9:15  Extractor  
  123  9:21  Overlord, Drone x2  
  123  9:22  Overlord  
  125  9:34  Hydralisk  
  125  9:36  Overlord  
  125  9:37  Overlord  
  127  9:41  Hydralisk x4  
  130  10:04  Roach x4  
  130  10:06  Glial Reconstitution  
  138  10:10  Infestation Pit  
  137  10:26  Overlord, Drone x2  
  137  10:27  Overlord, Hatchery  
  138  10:43  Hydralisk x7  
  138  10:44  Hydralisk x5  
  138  10:45  Overlord  
  162  11:02  Hydralisk x4  
  170  11:05  Zergling x8  
  122  11:31  Hydralisk x2  
  122  11:32  Hydralisk x6  
  97  11:53  Zergling x8  
  97  11:54  Zergling x12  
  107  11:58  Queen  
  107  11:59  Drone x2  
  111  12:16  Hydralisk x2  
  111  12:17  Hydralisk x5  
  111  12:19  Drone  
  111  12:22  Extractor  
  125  12:23  Extractor  
Show
View Real Time Build Order
Export as new Build Order

Bagain Protoss 

Build Orders: 1 Gate Expand 

Get SALT Encoding   

  12  0:01  Probe (Chrono Boost)  
  13  0:12  Probe (Chrono Boost)  
  14  0:23  Pylon, Probe (Chrono Boost)  
  15  0:41  Probe (Chrono Boost)  
  16  0:45  Gateway  
  16  0:52  Probe (Chrono Boost)  
  17  1:02  Probe (Chrono Boost)  
  18  1:16  Nexus  
  18  1:22  Assimilator  
  18  1:31  Probe (Chrono Boost)  
  19  1:40  Cybernetics Core  
  19  1:45  Pylon  
  19  1:47  Probe (Chrono Boost)  
  20  2:07  Gateway  
  20  2:14  Probe (Chrono Boost)  
  21  2:17  Stalker (Chrono Boost)  
  21  2:21  Assimilator  
  23  2:24  Warp Gate  
  23  2:25  Probe  
  23  2:26  Probe  
  25  2:37  Probe  
  25  2:43  Assimilator  
  26  2:47  Probe  
  26  2:50  Adept (Chrono Boost)  
  31  2:58  Stalker (Chrono Boost)  
  31  3:00  Probe  
  31  3:03  Probe  
  33  3:11  Probe  
  33  3:14  Pylon  
  33  3:15  Probe  
  35  3:21  Mothership Core  
  37  3:32  Probe  
  37  3:33  Pylon  
  38  3:40  Probe  
  40  3:42  Stalker (Chrono Boost)  
  40  3:46  Probe  
  42  3:51  Stalker (Chrono Boost), Probe  
  41  4:07  Pylon  
  41  4:13  Pylon  
  41  4:15  Probe  
  41  4:16  Adept (Chrono Boost)  
  45  4:17  Adept (Chrono Boost), Probe  
  46  4:44  Adept (Chrono Boost)  
  50  4:47  Adept (Chrono Boost)  
  43  5:07  Adept (Chrono Boost)  
  43  5:12  Probe  
  43  5:14  Adept (Chrono Boost), Probe  
  48  5:37  Robotics Facility  
  48  5:41  Stargate  
  48  5:43  Stargate  
  48  5:51  Probe x2 (Chrono Boost)  
  50  6:01  Gateway, Probe (Chrono Boost)  
  51  6:04  Pylon  
  51  6:05  Gateway  
  51  6:08  Pylon  
  51  6:13  Probe x2 (Chrono Boost)  
  51  6:14  Assimilator  
  53  6:21  Stalker  
  53  6:22  Stalker  
  53  6:24  Probe (Chrono Boost)  
  58  6:28  Void Ray (Chrono Boost)  
  62  6:43  Void Ray (Chrono Boost)  
  62  6:44  Probe (Chrono Boost)  
  62  6:45  Probe (Chrono Boost)  
  68  6:55  Probe (Chrono Boost)  
  68  7:09  Stalker  
  68  7:11  Void Ray (Chrono Boost)  
  73  7:24  Void Ray (Chrono Boost)  
  77  7:41  Stalker x3  
  83  8:00  Probe x2  
  85  8:08  Twilight Council  
  85  8:12  Pylon, Probe  
  85  8:13  Probe  
  85  8:15  Pylon  
  85  8:16  Void Ray (Chrono Boost)  
  91  8:25  Probe  
  92  8:33  Void Ray (Chrono Boost)  
  96  8:40  Stalker x2  
  100  8:43  Zealot x2  
  104  8:50  Forge  
  104  8:54  Blink (Chrono Boost)  
  104  9:01  Pylon  
  104  9:05  Adept  
  104  9:06  Adept x2  
  109  9:20  Pylon  
  109  9:21  Pylon  
  109  9:26  Pylon  
  109  9:27  Pylon  
  109  9:35  Adept x4  
  117  9:43  Gateway  
  117  9:45  Gateway  
  117  9:47  Void Ray  
  120  10:00  Adept  
  120  10:01  Adept x2  
  126  10:24  Adept x4  
  134  10:41  Resonating Glaives (Chrono Boost)  
  133  10:44  Photon Cannon  
  133  10:46  Photon Cannon  
  133  10:48  Photon Cannon  
  131  11:07  Stalker x3  
  75  11:35  Adept x4  
  55  12:13  Templar Archives  
  55  12:17  Adept x3  
  55  12:18  Adept x3  
  67  12:31  Probe (Chrono Boost)  
  67  12:33  Probe (Chrono Boost)  
  69  12:38  Nexus  
  69  12:43  Adept x3  
  69  12:44  Adept x2  
  60  12:45  Probe (Chrono Boost)  
  41  13:09  Adept x4  
Tags
 
Add a new tag
Caveats
  • Supply blocks, unpowered buildings, or Contaminate may cause inaccurate times.
  • Supply counts are checked every 10 seconds.